Map: Complesso abbandonato

Players

Trebo - Winner!

  • Race: Protoss Protoss
  • League: Platinum
  • Spawn Location: 7:00

MereGlim - Winner!

  • Race: Zerg Zerg
  • Spawn Location: 9:00

minizombie

  • Race: Protoss Protoss
  • Spawn Location: 3:00

Indi

  • Race: Terran Terran
  • Spawn Location: 1:00

VOD

Have the link to the VOD?

Description

Time

  • Played on: Nov. 28, 2017, 3:14 p.m.
  • Length: 16:16
Show
View Real Time Build Order
Export as new Build Order

Trebo Protoss - Winner!

Build Orders:  

Get SALT Encoding   

  12  0:01  Probe  
  13  0:13  Probe  
  14  0:22  Pylon  
  14  0:25  Probe  
  15  0:40  Probe  
  16  0:43  Gateway  
  16  0:49  Assimilator  
  16  0:53  Probe (Chrono Boost)  
  17  1:03  Probe (Chrono Boost)  
  18  1:07  Probe (Chrono Boost), Assimilator  
  19  1:19  Probe (Chrono Boost)  
  21  1:28  Probe (Chrono Boost)  
  21  1:42  Zealot  
  23  2:12  Assimilator  
  23  2:15  Cybernetics Core  
  23  2:17  Pylon  
  23  2:24  Gateway  
  23  2:32  Pylon  
  23  2:35  Zealot  
  26  2:37  Probe (Chrono Boost)  
  26  2:42  Probe (Chrono Boost)  
  27  3:10  Nexus  
  27  3:14  Pylon  
  27  3:19  Warp Gate  
  27  3:24  Sentry  
  27  3:26  Sentry  
  31  3:35  Probe (Chrono Boost)  
  31  3:37  Pylon  
  32  3:47  Probe (Chrono Boost)  
  33  3:52  Stalker  
  33  3:54  Probe (Chrono Boost)  
  36  4:11  Stargate  
  36  4:16  Stargate  
  36  4:22  Probe x2  
  38  4:25  Assimilator  
  38  4:29  Assimilator  
  38  4:34  Probe (Chrono Boost)  
  38  4:35  Probe (Chrono Boost), Stalker  
  42  4:39  Stalker  
  44  4:46  Probe (Chrono Boost)  
  44  4:47  Probe (Chrono Boost)  
  48  4:54  Probe x2 (Chrono Boost)  
  48  5:00  Probe  
  48  5:01  Probe  
  50  5:12  Probe  
  50  5:13  Probe  
  52  5:23  Void Ray  
  52  5:24  Void Ray  
  52  5:27  Probe (Chrono Boost)  
  62  5:29  Probe (Chrono Boost)  
  64  5:36  Probe x2 (Chrono Boost)  
  64  5:44  Probe  
  64  5:45  Probe  
  66  6:05  Pylon  
  66  6:06  Void Ray  
  66  6:08  Pylon  
  70  6:13  Void Ray, Pylon  
  59  6:24  Probe (Chrono Boost)  
  61  6:28  Probe (Chrono Boost)  
  62  6:38  Probe (Chrono Boost)  
  62  6:39  Probe x3 (Chrono Boost)  
  65  6:50  Probe x2, Void Ray  
  71  6:56  Void Ray  
  75  7:03  Probe x2  
  75  7:07  Forge  
  77  7:15  Probe  
  78  7:33  Void Ray (Chrono Boost)  
  82  7:39  Void Ray (Chrono Boost)  
  86  7:57  Photon Cannon  
  86  7:59  Photon Cannon  
  86  8:01  Photon Cannon  
  86  8:03  Photon Cannon  
  86  8:14  Stargate  
  86  8:18  Void Ray x2 (Chrono Boost)  
  94  8:32  Pylon  
  94  8:35  Pylon  
  94  8:38  Pylon  
  94  8:45  Pylon  
  94  8:46  Protoss Shields Level 1  
  94  8:54  Void Ray (Chrono Boost)  
  102  9:00  Void Ray (Chrono Boost)  
  106  9:18  Void Ray (Chrono Boost)  
  106  9:55  Pylon  
  106  9:58  Pylon  
  106  10:01  Pylon  
  106  10:17  Gateway  
  106  10:18  Gateway  
  106  10:21  Gateway  
  106  10:22  Gateway x2  
  106  10:26  Gateway  
  106  10:38  Zealot x2  
  96  11:30  Void Ray x2  
  96  11:31  Void Ray  
  108  12:13  Void Ray  
  112  12:26  Void Ray x2  
  108  12:56  Void Ray  
  100  13:06  Zealot x2  
  100  13:07  Zealot x5  
  100  13:08  Zealot  
  100  13:09  Void Ray x2  
  104  14:00  Void Ray  
  104  14:01  Void Ray x2  
  112  14:16  Zealot x5  
  122  14:17  Zealot x3  
  128  14:43  Void Ray  
  132  14:56  Void Ray x2  
  140  15:26  Void Ray  
  144  15:33  Zealot x3  
Show
View Real Time Build Order
Export as new Build Order

MereGlim Zerg - Winner!

Build Orders: Pool First 

Get SALT Encoding   

  12  0:06  Drone  
  13  0:19  Drone  
  13  0:21  Overlord  
  14  0:27  Overlord  
  14  0:33  Extractor  
  13  0:38  Extractor  
  12  0:43  Drone x2  
  14  1:07  Drone x2  
  16  1:18  Drone, Spawning Pool  
  16  1:59  Drone  
  16  2:00  Drone  
  18  2:01  Hatchery  
  17  2:14  Lair  
  17  2:43  Drone  
  17  2:44  Drone x2  
  20  3:18  Drone x3  
  23  4:02  Drone x2  
  25  4:03  Drone  
  25  4:06  Queen  
  28  4:10  Overlord  
  28  4:30  Hydralisk Den  
  27  4:38  Zergling x6  
  27  5:20  Muscular Augments  
  27  5:30  Hydralisk  
  27  5:31  Hydralisk x2  
  33  5:38  Extractor  
  32  5:48  Extractor  
  31  6:07  Hydralisk x3  
  37  6:29  Drone  
  37  6:30  Drone x2  
  27  6:41  Hydralisk  
  27  6:42  Hydralisk x2  
  31  6:55  Hydralisk  
  33  7:12  Spore Crawler  
  32  7:15  Spine Crawler  
  32  7:18  Spine Crawler  
  32  7:21  Spore Crawler  
  32  7:22  Drone x3  
  32  7:31  Drone x3  
  35  8:02  Nydus Network  
  34  8:27  Hydralisk x2  
  34  8:28  Hydralisk  
  40  8:41  Drone, Spine Crawler  
  13  9:55  Hydralisk x2  
  13  9:56  Hydralisk x4  
Show
View Real Time Build Order
Export as new Build Order

minizombie Protoss 

Build Orders:  

Get SALT Encoding   

  12  0:00  Probe (Chrono Boost)  
  13  0:12  Probe (Chrono Boost)  
  14  0:18  Pylon  
  14  0:23  Probe  
  15  0:36  Probe  
  16  0:43  Forge  
  16  0:49  Probe  
  17  1:01  Probe  
  18  1:06  Assimilator  
  18  1:13  Probe  
  19  1:31  Pylon  
  19  1:33  Pylon  
  19  1:34  Pylon  
  19  1:42  Pylon x2  
  19  1:45  Pylon  
  19  1:53  Photon Cannon  
  18  2:14  Pylon  
  18  2:17  Pylon  
  18  2:28  Pylon  
  18  2:31  Gateway  
  18  2:40  Photon Cannon  
  18  2:45  Photon Cannon  
  18  3:03  Probe (Chrono Boost)  
  19  3:15  Probe (Chrono Boost)  
  19  3:19  Probe  
  20  3:25  Zealot (Chrono Boost)  
  22  3:30  Cybernetics Core  
  22  3:40  Pylon  
  22  4:07  Warp Gate (Chrono Boost)  
  22  4:11  Twilight Council  
  22  4:16  Gateway  
  22  4:17  Gateway  
  22  4:34  Probe (Chrono Boost)  
  23  4:45  Probe (Chrono Boost), Assimilator  
  24  5:05  Stalker x2  
  28  5:26  Sentry  
  30  5:36  Zealot x2  
  34  5:50  Probe  
  37  6:01  Nexus  
  35  6:07  Blink (Chrono Boost)  
  35  6:18  Pylon  
  35  6:21  Pylon  
  35  6:27  Robotics Facility  
  35  6:55  Probe  
  36  7:07  Probe  
  36  7:08  Pylon  
  37  7:17  Probe  
  37  7:20  Probe (Chrono Boost)  
  39  7:27  Assimilator  
  40  7:30  Probe (Chrono Boost)  
  40  7:33  Probe (Chrono Boost)  
  41  7:41  Assimilator  
  41  7:42  Warp Prism  
  43  7:59  Sentry  
  43  8:01  Stalker x2  
  49  8:19  Robotics Bay  
  49  8:24  Gateway  
  49  8:25  Gateway  
  49  8:27  Gateway  
  49  8:29  Gateway  
  49  8:31  Protoss Ground Weapons Level 1 (Chrono Boost)  
  49  9:30  Stalker  
  49  9:31  Stalker x4  
  55  9:32  Stalker x2  
  63  10:46  Colossus (Chrono Boost)  
  69  10:55  Pylon x2  
  69  10:58  Pylon  
  69  11:03  Stalker  
  69  11:04  Stalker x3, Phoenix  
  53  11:29  Colossus  
  43  11:45  Stalker  
  43  11:46  Stalker x5  
  55  11:55  Probe x2  
  57  12:07  Probe  
  58  12:10  Stalker x2  
  62  12:22  Stalker  
  62  12:23  Colossus  
  70  12:40  Stalker  
  70  12:42  Stalker  
  70  12:43  Stalker  
  52  13:16  Colossus  
  58  13:22  Stalker x4  
  58  13:23  Stalker x2  
  38  14:08  Stargate  
  38  14:10  Stargate x2, Colossus  
  38  14:13  Stargate  
  38  14:55  Phoenix x3 (Chrono Boost)  
  46  15:00  Phoenix (Chrono Boost)  
  52  15:16  Phoenix x4 (Chrono Boost)  
  46  15:35  Phoenix x2  
Show
View Real Time Build Order
Export as new Build Order

Indi Terran 

Build Orders:  

Get SALT Encoding   

  12  0:01  SCV  
  13  0:13  SCV  
  14  0:24  Supply Depot  
  14  0:25  SCV  
  15  0:37  Refinery  
  15  0:45  SCV  
  15  0:48  Barracks  
  16  0:59  SCV  
  16  1:00  Supply Depot  
  17  1:21  SCV  
  18  1:31  Refinery  
  18  1:33  SCV  
  18  1:35  Marine  
  20  1:40  Supply Depot  
  20  1:52  Orbital Command  
  20  1:53  Marine  
  21  2:03  Factory  
  21  2:11  Marine  
  21  2:14  Barracks  
  22  2:19  SCV  
  23  2:29  Marine  
  24  2:32  SCV  
  25  2:44  SCV  
  26  2:49  Starport  
  26  2:50  Factory Reactor  
  26  2:55  Barracks Reactor  
  26  2:56  SCV  
  27  3:01  Marine  
  27  3:03  Engineering Bay  
  28  3:08  SCV  
  29  3:18  Marine  
  30  3:31  Barracks  
  30  3:33  Marine x2  
  32  3:36  Factory Tech Lab  
  32  3:42  Barracks Tech Lab  
  32  3:49  Command Center  
  32  3:51  Marine  
  32  3:55  Medivac  
  35  4:00  Medivac  
  37  4:07  Supply Depot  
  37  4:11  SCV  
  37  4:14  Supply Depot  
  38  4:28  Barracks Tech Lab, Concussive Shells  
  38  4:34  Marine  
  38  4:35  Marine  
  40  4:51  Marine  
  41  4:52  Marine  
  41  4:54  Marine x2  
  41  4:58  Terran Infantry Weapons Level 1  
  44  5:07  Orbital Command  
  44  5:09  Marine  
  44  5:12  Marauder x2  
  44  5:13  Refinery  
  49  5:15  Starport  
  49  5:20  Medivac  
  51  5:28  Marine x2  
  53  5:34  Marauder  
  55  5:38  SCV  
  49  5:42  Orbital Command  
  56  5:47  Marine x2  
  58  5:50  SCV  
  59  5:57  Marine  
  59  5:58  Marauder  
  59  6:03  SCV  
  63  6:16  Marauder  
  65  6:22  Marine  
  65  6:23  Marauder, Marine  
  69  6:39  Marauder  
  69  6:40  Marine x2  
  69  6:44  Marine  
  65  6:54  Barracks  
  65  6:56  Starport Reactor  
  65  6:58  Marine x2  
  65  7:00  Marauder  
  69  7:06  Supply Depot  
  69  7:08  Supply Depot  
  69  7:16  Marine  
  70  7:28  Marauder, Marine  
  73  7:38  Barracks, Marauder  
  73  7:39  Marine  
  76  7:45  Armory, Marine  
  76  7:48  Medivac  
  76  7:50  Marauder  
  76  7:51  Medivac  
  83  7:57  Marine  
  84  8:00  Marauder  
  86  8:10  Supply Depot  
  86  8:13  Supply Depot  
  86  8:26  Supply Depot  
  86  8:31  Medivac, Marine x4  
  86  8:32  SCV  
  93  8:35  Siege Tank, Marauder  
  98  8:44  SCV  
  99  8:49  Marine x3  
  99  8:53  Supply Depot  
  102  8:57  Marauder, Marine  
  102  8:58  Marine  
  106  9:07  Siege Tank, Marine  
  110  9:14  Marine  
  110  9:15  Marauder  
  110  9:16  Supply Depot  
  112  9:28  Marauder, Marine x3  
  113  9:32  Marine  
  113  9:36  Marauder  
  98  9:46  Marine x3  
  98  9:50  Marauder, Marine  
  98  9:51  SCV x2  
  103  9:58  Marauder  
  104  10:03  Marine  
  104  10:04  Marine x2  
  107  10:08  Marine  
  107  10:11  Marine  
  109  10:18  Marine  
  108  10:21  Marine  
  108  10:26  Marine  
  110  10:28  Marine  
  110  10:33  Barracks Reactor  
  110  10:35  Barracks Tech Lab  
  109  10:36  Terran Infantry Weapons Level 2, Marine  
  109  10:39  Marine  
  111  10:43  Marine  
  111  10:46  Marine  
  113  10:51  Supply Depot  
  113  10:55  Refinery, Marauder  
  105  10:57  Marine  
  105  11:00  Marine  
  105  11:01  Marine  
  100  11:05  Marauder  
  102  11:15  Marine  
  102  11:16  Marauder  
  102  11:17  Marine  
  106  11:19  Marine  
  106  11:22  Marine x2  
  95  11:26  Marauder  
  94  11:32  Marine  
  94  11:34  Medivac  
  94  11:35  Marine  
  94  11:37  Marauder, Marine  
  94  11:39  Marine  
  101  11:40  Marine  
  92  11:47  Marauder  
  92  11:50  Marine  
  92  11:53  Marine  
  82  11:55  Marine  
  82  11:57  Marine  
  82  11:58  Marine x2  
  74  12:08  Marine x2  
  74  12:11  Marine  
  74  12:12  Marine  
  74  12:15  Marine x2  
  77  12:16  Marine  
  77  12:18  Medivac x3  
  85  12:26  Marine x2  
  85  12:29  Marine  
  88  12:30  Supply Depot, Command Center, Marine  
  88  12:33  Marine x2  
  88  12:34  Marine  
  90  12:44  Marine x2  
  58  12:58  Marine x5  
  55  13:02  Marine x2  
  47  13:15  Marine  
  47  13:16  Marine x3  
  47  13:19  Marine  
  50  13:27  Viking  
  50  13:33  Marine  
  51  13:34  Marine x2  
  51  13:37  Marine  
  49  13:51  Marine  
  49  13:52  Marine x2  
  38  14:05  Viking x2  
  38  14:09  Marine x2  
  32  14:16  Missile Turret  
  30  14:17  Missile Turret  
  15  14:56  Barracks  
Tags
 
Add a new tag
Caveats
  • Supply blocks, unpowered buildings, or Contaminate may cause inaccurate times.
  • Supply counts are checked every 10 seconds.